 Dungeon Crawl Stone Soup version 0.16.0-11-gd45b091 (webtiles) character file.

140 CrazyArbalest the Bolt Thrower (level 5, -3/42 HPs)
             Began as a Centaur Hunter on Mar 17, 2015.
             Killed from afar by Edirash's ghost (7 damage)
             ... with a zap
             ... on level 3 of the Dungeon.
             The game lasted 00:07:30 (2683 turns).

CrazyArbalest the Bolt Thrower (Centaur Hunter)     Turns: 2683, Time: 00:07:31

Health: -3/42      AC:  5    Str: 14    XL:     5   Next: 2%
Magic:  4/4        EV:  9    Int: 10    God:
Gold:   138        SH:  0    Dex: 11    Spells: 0 memorised, 4 levels left

rFire  . . .     SeeInvis .     b - +1 hand crossbow
rCold  . . .     Clarity  .     d - +0 leather armour
rNeg   . . .     SustAb   .     (no shield)
rPois  .         Gourm    .     (no helmet)
rElec  .         Spirit   .     (no cloak)
rCorr  .         Warding  .     r - +0 pair of gloves
rMut   .         Stasis   .     (no barding)
MR     .....                    (no amulet)
Stlth  +.........               (no ring)
                                (no ring)

@: lethally poisoned (-3 -> -4), very quick, not resistant to hostile
enchantments, very unstealthy
A: hooves 3, deformed body, speed 2, tough skin 3
a: no special abilities


You were on level 3 of the Dungeon.
You were not hungry.

You visited 1 branch of the dungeon, and saw 3 of its levels.

You collected 138 gold pieces.

Inventory:

Hand weapons
 a - a +0 short sword
 b - a +1 hand crossbow (weapon)
 h - a +0 antimagic dagger
 p - a +0 hand crossbow
Missiles
 c - 4 bolts (quivered)
Armour
 d - a +0 leather armour (worn)
 r - a +0 pair of gloves (worn)
 t - a +0 pair of gloves
Jewellery
 o - an uncursed ring of sustain abilities {unknown}
Scrolls
 j - 3 scrolls of identify {unknown}
 l - a scroll of immolation {unknown}
 q - 2 scrolls of remove curse {unknown}
 s - a scroll of teleportation {unknown}
Potions
 e - a potion of might {unknown}
 k - a potion of cancellation {unknown}
 m - 2 potions of haste {unknown}
 u - a potion of curing {unknown}
Comestibles
 f - 4 bread rations
 g - a beef jerky
 i - 8 fruits
 n - a chunk of flesh


   Skills:
 + Level 2.4 Fighting
 + Level 0.1 Short Blades
 * Level 5.9 Crossbows
 + Level 0.8 Armour
 + Level 2.2 Dodging
 + Level 0.5 Stealth


You had 4 spell levels left.
You didn't know any spells.

Dungeon Overview and Level Annotations

Branches:
Dungeon (3/15)

Altars:

Annotations:
D:3 Edirash's ghost, average DEAE


Innate Abilities, Weirdness & Mutations

You have hooves in place of feet.
Armour fits poorly on your strangely shaped body.
You cover ground very quickly.
You have extremely tough skin (AC +3).


Message History

The zap hits the goblin.
The goblin dies!
The zap hits you!
Firing (i - inventory):
c - 6 bolts (quivered)
Press: ? - help, Shift-Dir - straight line, f/p - Edirash's ghost
Aim: Edirash's ghost, wielding a weapon of venom (almost destroyed)
You shoot a bolt. The bolt barely misses Edirash's ghost.
Edirash's ghost casts a spell at you. The zap hits you!
* * * LOW HITPOINT WARNING * * *
Firing (i - inventory):
c - 5 bolts (quivered)
Press: ? - help, Shift-Dir - straight line, f/p - Edirash's ghost
Aim: Edirash's ghost, wielding a weapon of venom (almost destroyed)
You shoot a bolt.
The bolt hits Edirash's ghost but does no damage.
Edirash's ghost is almost destroyed.
You feel sick.
Edirash's ghost gestures at you while chanting.
The zap hits you!
You die...

#######........(........
#######.....###..###.##
...............W.# #..
#######.....####.###.#.##
#.........†........
##########..##.#...
#...............
#.####.)........
#<#@.##.###[. #.#...#...
##.#.#.# ### #....#.#
.......##...# ......
......# ....... ........
............>..
..........#..


You could see Edirash's ghost.

Vanquished Creatures
  4 gnolls
  5 adders
  A ball python (D:1)
  7 bats
  3 giant cockroaches
  8 hobgoblins
  2 giant newts
  8 goblins
  7 jackals
  6 kobolds
  8 rats
59 creatures vanquished.

Vanquished Creatures (others)
  A goblin (D:3)
1 creature vanquished.

Grand Total: 60 creatures vanquished

Notes
Turn   | Place    | Note
--------------------------------------------------------------
     0 | D:1      | CrazyArbalest, the Centaur Hunter, began the quest for the Orb.
     0 | D:1      | Reached XP level 1. HP: 17/17 MP: 1/1
   184 | D:1      | Reached XP level 2. HP: 5/24 MP: 2/2
   291 | D:1      | Reached skill level 5 in Crossbows
   549 | D:1      | You fall through a shaft!
   608 | D:2      | Reached XP level 3. HP: 20/29 MP: 3/3
  1400 | D:2      | Reached XP level 4. HP: 29/36 MP: 3/3
  2439 | D:3      | Reached XP level 5. HP: 26/42 MP: 4/4
  2646 | D:3      | Noticed Edirash's ghost (average DEAE)
  2683 | D:3      | Killed from afar by Edirash's ghost

Action                   |  1- 3 |  4- 6 || total
-------------------------+-------+-------++-------
Melee: Short sword       |    75 |    53 ||   128
 Fire: Hand crossbow     |    19 |    22 ||    41
  Eat: Chunk             |       |     4 ||     4
